 Dungeon Crawl Stone Soup version 0.26.0-16-gc1dbca0489 (webtiles) character file.

Game seed: 10490057138067910087

121 thiole the Sneak (level 5, -9/31 HPs)
             Began as an Octopode Hedge Wizard on Jan 22, 2021.
             Splashed by Ijyb's acid (10 damage)
             ... on level 3 of the Dungeon.
             The game lasted 00:02:04 (2472 turns).

thiole the Sneak (Octopode Hedge Wizard)            Turns: 2472, Time: 00:02:05

Health: -9/31      AC:  1    Str:  9    XL:     5   Next: 5%
Magic:  8/10       EV: 13    Int: 18    God:
Gold:   70         SH:  0    Dex: 11    Spells: 6/11 levels left

rFire    . . .     SeeInvis .   a - +0 dagger
rCold    . . .     Faith    .   (no shield)
rNeg     . . .     Spirit   .   b - +0 hat
rPois    .         Reflect  .   (no amulet)
rElec    .         Harm     .   (no ring)
rCorr    .         Rampage  .   (no ring)
Will     .....                  (no ring)
Stlth    ++++......             (no ring)
HPRegen  0.10/turn              (no ring)
MPRegen  0.12/turn              (no ring)
                                (no ring)
                                (no ring)

@: lethally poisoned (-9 -> -14)
A: almost no armour, stealthy swim, amphibious, 8 rings, constrict 8, camouflage
1, gelatinous body 1
a: no special abilities


You were on level 3 of the Dungeon.
You visited 1 branch of the dungeon, and saw 3 of its levels.

You collected 70 gold pieces.

Inventory:

Hand Weapons
 a - a +0 dagger (weapon)
Armour
 b - a +0 hat (worn)
Scrolls
 d - a scroll of amnesia {unknown}
 f - a scroll of teleportation {unknown}
 g - a scroll of remove curse {unknown}
 i - a scroll of fear {unknown}
 j - a scroll of identify {unknown}
 l - a scroll of enchant weapon {unknown}
Potions
 c - a potion of cancellation {unknown}
 e - 2 potions of curing {unknown}
 h - 2 potions of flight {unknown}
 k - a potion of degeneration {unknown}
 m - a potion of heal wounds {unknown}


   Skills:
 - Level 2.0 Dodging
 + Level 4.7 Stealth
 + Level 3.8 Spellcasting
 - Level 2.0 Conjurations
 - Level 2.0 Summonings
 - Level 1.0 Translocations


You had 6 spell levels left.
You knew the following spells:

 Your Spells              Type           Power        Failure   Level
a - Magic Dart            Conj           40%          7%          1
b - Call Imp              Summ           10%          10%         2
c - Slow                  Hex            3%           22%         2

Your spell library contained the following spells:

 Spells                   Type           Power        Failure   Level
 Blink                    Tloc           N/A          16%         2
 Conjure Flame            Conj/Fire      7%           30%         3
 Mephitic Cloud           Conj/Pois/Air  5%           34%         3


Dungeon Overview and Level Annotations

Branches:
Dungeon (3/15)

Altars:

Annotations:
D:3 Ijyb


Innate Abilities, Weirdness & Mutations

You cannot wear most types of armour.
You are very stealthy in the water. (Stealth+)
You are amphibious.
You can wear up to eight rings at the same time.
You can use your tentacles to constrict eight enemies at once.
Your skin changes colour to match your surroundings (Stealth+).
Your rubbery body absorbs attacks. (AC +1, EV +1)


Message History

You constrict the adder. The adder bites you.
You hit the adder but do no damage.
The adder is lightly wounded.
You constrict the adder. The adder closely misses you.
You hit the adder.
The adder is heavily wounded.
You constrict the adder. The adder bites you.
You are poisoned.
The adder poisons you! The adder completely misses you.
Your magical contamination has completely faded away.
You hit the adder.
You squeeze the adder, but do no damage.
The adder is almost dead.
You constrict the adder.
You kill the adder!
You feel sick.
Ijyb zaps a wand.
The bolt of acid hits you!
Ouch! That really hurt!
* * * LOW HITPOINT WARNING * * *
You are splashed with acid!
You die...

## ..# #..#
##################...#
....................
#####..........#$)#
#####..........#@#
...##..........#.#
##.########...##.#
..........##..##g#
.)...####......#.##
.....# ####......#
.....# #..#.....#
)....# #.....##....
.....# ..............


You could see Ijyb.

Vanquished Creatures
  An orc priest (D:3)
  4 adders
  3 dart slugs (D:1)
  2 leopard geckos
  5 orcs (D:3)
  4 bats
  A giant cockroach (D:2)
  6 hobgoblins (D:2)
  2 jackals (D:2)
  A ball python (D:2)
  4 frilled lizards
  7 goblins
  6 kobolds
  8 rats
54 creatures vanquished.

Vanquished Creatures (others)
  6 plants (D:2)
6 creatures vanquished.

Grand Total: 60 creatures vanquished

Notes
Turn   | Place    | Note
-------+----------+-------------------------------------------
     0 | D:1      | thiole the Octopode Hedge Wizard began the quest for the
                  | Orb.
     0 | D:1      | Reached XP level 1. HP: 11/11 MP: 4/4
   301 | D:1      | Reached XP level 2. HP: 17/17 MP: 1/6
   304 | D:1      | Learned a level 2 spell: Call Imp
   307 | D:1      | Learned a level 2 spell: Slow
   437 | D:1      | Reached skill level 3 in Stealth
   967 | D:2      | Reached XP level 3. HP: 21/21 MP: 7/7
  1669 | D:2      | Reached XP level 4. HP: 14/27 MP: 3/9
  1830 | D:2      | Reached skill level 4 in Stealth
  2258 | D:3      | Reached XP level 5. HP: 14/31 MP: 4/10
  2467 | D:3      | Noticed Ijyb
  2472 | D:3      | HP: 1/31 [Ijyb/bolt of acid (17)]
  2472 | D:3      | Splashed by Ijyb's acid

Illustrated notes

Levels and vault maps discovered:
D:1:      kilobyte_arrival_exit_the_forest, layout_rooms
D:2:      cheibrodos_old_hovel, layout_loops_cross, nicolae_underground_beach
D:3:      layout_rooms, minmay_misc_feat_x, uniq_ijyb, uniq_jessica,
          uniq_terence, uniq_natasha

Skill      XL: |  1  2  3  4 |
---------------+-------------+-----
Stealth        | 3 4 |  4.7
Conjurations   | 2 |  2.0
Summonings     | 2 |  2.0
Dodging        | |  2.0
Spellcasting   | |  3.8
Translocations | |  1.0

Action                   |  1- 3 |  4- 6 || total
-------------------------+-------+-------++-------
Melee: Dagger            |    29 |    34 ||    63
       Constrict         |     6 |     9 ||    15
       Tentacles         |     3 |     5 ||     8
 Cast: Magic Dart        |    71 |    26 ||    97
 Stab: Sleeping          |     1 |       ||     1
Dodge: Dodged            |    22 |    19 ||    41
